 Dungeon Crawl Stone Soup version 0.30-a0-116-g3b1a8e4ee4 (webtiles) character file.

Game seed: 11229557287435456858

179 writerjack the Cudgeller (level 5, -1/46 HPs)
             Began as a Minotaur Berserker on Sept 13, 2022.
             Was a Priest of Trog.
             Slain by a gnoll
             ... wielding a +0 halberd
              (5 damage)
             ... on level 4 of the Dungeon.
             The game lasted 00:05:25 (2814 turns).

writerjack the Cudgeller (Minotaur Berserker)       Turns: 2814, Time: 00:05:25

Health: -1/46      AC: 15    Str: 24    XL:     5   Next: 33%
Magic:  4/4        EV:  8    Int:  4    God:    Trog [***...]
Gold:   155        SH:  0    Dex:  9    Spells: 4/4 levels left

rFire   . . .      SeeInvis .    l - +2 flail (protect)
rCold   . . .      Faith    .    (no shield)
rNeg    . . .      Spirit   .    k - +0 chain mail
rPois   .          Reflect  .    (helmet restricted)
rElec   .          Harm     .    (no cloak)
rCorr   .          Rampage  .    (no gloves)
Will    .....                    (no boots)
Stlth   ..........               (no amulet)
HPRegen 0.15/turn                (no ring)
MPRegen 0.09/turn                (no ring)

@: under a protective aura
A: horns 2, retaliatory headbutt
a: Renounce Religion, Berserk, Trog's Hand


You were on level 4 of the Dungeon.
You worshipped Trog.
Trog was most pleased with you.
You visited 1 branch of the dungeon, and saw 5 of its levels.

You collected 155 gold pieces.

Inventory:

Hand Weapons
 a - a +0 mace
 l - a +2 flail of protection (weapon)
Armour
 k - a +0 chain mail (worn)
Wands
 b - a wand of paralysis (7)
Scrolls
 f - a scroll of summoning
 g - 2 scrolls of blinking
 i - a scroll of enchant weapon {unknown}
 j - a scroll of fog {unknown}
Potions
 c - a potion of flight {unknown}
 d - a potion of ambrosia
 e - 3 potions of curing


   Skills:
 - Level 3.8 Fighting
 + Level 7.0 Maces & Flails
 - Level 2.5 Armour
 - Level 2.2 Dodging
 + Level 0.4 Stealth


You had 4 spell levels left.
You didn't know any spells.
Your spell library was empty.

Dungeon Overview and Level Annotations

Branches:
Dungeon (5/15)
 Temple: D:4-7

Altars:
Dithmenos
Zin

Shops:
D:2 (


Innate Abilities, Weirdness & Mutations

You have a pair of horns on your head.
You reflexively headbutt those who attack you in melee.


Message History

You barely miss the gnoll. The gnoll barely misses you.
The gnoll hits you but does no damage. The gnoll hits you with a +0 spear.
You closely miss the gnoll. You headbutt the gnoll.
The gnoll is moderately wounded.
The gnoll hits you but does no damage. The gnoll barely misses you.
You hit the gnoll.
Your weapon exudes an aura of protection.
The gnoll is severely wounded.
The gnoll hits you with a +0 spear. The gnoll closely misses you.
The gnoll hits you but does no damage.
You sock the gnoll!
You kill the gnoll!
Trog accepts your kill. The gnoll hits you with a +0 flail.
The gnoll hits you but does no damage. x2
The gnoll hits you with a +0 flail.
* * * LOW HITPOINT WARNING * * *
The gnoll hits you but does no damage. The gnoll hits you with a +0 spear.
* * * LOW HITPOINT WARNING * * *
You hit the gnoll.
You headbutt the gnoll, but do no damage.
The gnoll is lightly wounded.
The gnoll barely misses you. You furiously retaliate!
You headbutt the gnoll!
The gnoll hits you but does no damage. x2
You hit the gnoll.
The gnoll is moderately wounded.
The gnoll hits you but does no damage. The gnoll barely misses you.
The gnoll hits you but does no damage.
You sock the gnoll!
You kill the gnoll!
Trog accepts your kill. The gnoll hits you but does no damage.
The gnoll hits you from afar with a +0 halberd!
* * * LOW HITPOINT WARNING * * *
You sock the gnoll!
You kill the gnoll!
Trog accepts your kill. The gnoll barely misses you.
Your Maces & Flails skill increases to level 7!
The gnoll hits you with a +0 halberd.
You die...

.#. #.. ....
##... ....##
#?....
....####......
#...#........
#.$.........
##...g......#
#...)@...#
#....)...#
##....)......#
#......#......
###......###....
#.......## ##..
......#....# .
..[.#####..#
..## ##...##


You could see a gnoll.

Vanquished Creatures
  An orc wizard (D:3)
  4 adders (D:3)
  3 gnolls (D:4)
  2 dart slugs (D:1)
  14 orcs
  7 ball pythons
  7 bats
  6 endoplasms
  4 giant cockroaches
  2 goblins
  3 hobgoblins
  2 kobolds
  5 quokkas
  5 frilled lizards
  6 rats
71 creatures vanquished.

Notes
Turn   | Place    | Note
-------+----------+-------------------------------------------
     0 | D:1      | writerjack the Minotaur Berserker began the quest for the
                  | Orb.
     0 | D:1      | Reached XP level 1. HP: 19/19 MP: 0/0
   243 | D:1      | Reached skill level 4 in Maces & Flails
   268 | D:1      | Reached XP level 2. HP: 27/27 MP: 1/1
   444 | D:2      | Found a shadowy altar of Dithmenos.
   666 | D:1      | Reached ** piety under Trog
   668 | D:1      | Reached XP level 3. HP: 30/33 MP: 2/2
   936 | D:2      | Found Siqirojir's Antique Weapon Shoppe.
  1143 | D:2      | Reached skill level 5 in Maces & Flails
  1895 | D:3      | Reached XP level 4. HP: 13/40 MP: 3/3
  1952 | D:3      | Reached skill level 6 in Maces & Flails
  2151 | D:3      | Found a faded altar of an unknown god.
  2537 | D:3      | Found a glowing silver altar of Zin.
  2624 | D:3      | Reached XP level 5. HP: 43/46 MP: 4/4
  2743 | D:4      | Reached *** piety under Trog
  2756 | D:5      | Entered Level 5 of the Dungeon
  2814 | D:4      | Reached skill level 7 in Maces & Flails
  2814 | D:4      | Slain by a gnoll

Illustrated notes

Levels and vault maps discovered:
D:1:      dpeg_arrival_solitude, layout_basic
D:2:      layout_basic, basic_altar, serial_shops, nicolae_shop_hallway_stairs,
          wad_orctagon
D:3:      layout_loops_cross, mainiacjoe_overflow_brackets,
          nicolae_ecumenical_snake_handling
D:4:      layout_layer_cave, lemuel_coloured_pillars_altar,
          minmay_pentomino_pile
D:5:      layout_basic, mainiacjoe_overflow_six_doors_small,
          minmay_temple_entry_proselytizer, uniq_pikel

Skill      XL: |  1  2  3  4  5 |
---------------+----------------+-----
Maces & Flails | 4 5 6 7 |  7.0
Fighting       | |  3.8
Armour         | |  2.5
Dodging        | |  2.2
Stealth        | |  0.4

Action                   |  1- 3 |  4- 6 || total
-------------------------+-------+-------++-------
Melee: Mace              |    74 |     1 ||    75
       Headbutt          |     9 |     8 ||    17
       Flail             |       |    64 ||    64
  Use: Scroll            |       |     4 ||     4
Armor: Ring mail         |    25 |     1 ||    26
       Animal skin       |     1 |       ||     1
       Chain mail        |       |    55 ||    55
Dodge: Dodged            |    35 |    34 ||    69

Table legend: (Time is in decaauts)
 A = Elapsed time spent in this place.
 B = Non-inter-level travel time spent in this place.
 C = Inter-level travel time spent in this place.
 D = Time resting spent in this place.
 E = Time spent auto-exploring this place.
 F = Levels seen in this place.
 G = Mean time per level.
                   A        B        C        D        E       F      G
               +--------+--------+--------+--------+--------+-----+--------+
         Total |   2831 |   2796 |     35 |    186 |   1975 |   5 |  566.2 |
       Dungeon |   2831 |   2796 |     35 |    186 |   1975 |   5 |  566.2 |
               +--------+--------+--------+--------+--------+-----+--------+

Top non-repeatable levels by time:
     D:3: 954 daAuts
     D:1: 916 daAuts
     D:2: 882 daAuts
     D:4: 76 daAuts
     D:5: 1 daAuts
